[Event "Titled Tuesday Blitz October 5 2021"]
[White "Royal, Shreyas"]
[Black "Langrock, Hannes"]
[WhiteFideId "448869"]
[BlackFideId "4655290"]
[WhiteElo "1931"]
[BlackElo "2325"]
[Result "1/2-1/2"]
[Round "08"]
[TimeControl "180+1"]
[Date "2021.10.05"]
[WhiteClock "0:00:06"]
[BlackClock "0:00:04"]

1. d4 Nf6 2. c4 e6 3. Nf3 d5 4. g3 dxc4 5. Bg2 Bd7 6. Ne5 Bc6 7. Nxc6 Nxc6 8. Qa4 Qd7 9. Bxc6 Qxc6 10. Qxc6+ bxc6 11. Nd2 c5 12. dxc5 c3 13. Nb3 Ne4 14. Be3 cxb2 15. Rb1 Rb8 16. f3 Nc3 17. Rxb2 Nxa2 18. Rxa2 Rxb3 19. Kf2 Rxe3 20. Kxe3 Bxc5+ 21. Kd3 Ke7 22. Kc4 Bb6 23. Kb5 Rd8 24. e4 Rd3 25. Rf1 h5 26. Kc4 Rd4+ 27. Kb5 g5 28. Rc2 a5 29. Rfc1 Rb4+ 30. Ka6 Rb3 31. f4 gxf4 32. gxf4 h4 33. e5 Rf3 34. Rc4 Kf8 35. Rd1 Kg7 36. Kb7 Kg6 37. Rd7 Rf2 38. f5+ Rxf5 39. Rg4+ Kh5 40. Rg7 a4 41. Rd8 Rg5 42. Rxf7 Kg4 43. Ra8 Rxe5 44. Rxa4+ Kg5 45. Rg7+ Kf6 46. Rh7 h3 47. Rxh3 Rf5 48. Kc6 Rc5+ 49. Kb7 e5 50. Rf3+ Ke6 51. h4 Rc1 52. Ra8 Rh1 53. Re8+ Kd5 54. Rh8 e4 55. Rf5+ Kd4 56. h5 Kd3 57. h6 Bd4 58. Rd5 e3 59. Rhd8 c5 60. Rxc5 Rxh6 61. Rcd5 Rh4 62. Re8 Re4 63. Rxe4 Kxe4 64. Rb5 e2 65. Rb1 Bc3 66. Kc6 Kd3 67. Kc5 Kc2 68. Rg1 Kd3 69. Kd5 Bd4 70. Re1 Bc3 71. Rxe2 Kxe2 1/2-1/2


[Site "https://www.chess.com"]

[Event "Titled Tuesday Blitz October 5 2021"]
[White "Rustemov, Alexander"]
[Black "Svane, Rasmus"]
[WhiteFideId "4119002"]
[BlackFideId "4657101"]
[WhiteElo "2802"]
[BlackElo "2643"]
[Result "0-1"]
[Round "08"]
[TimeControl "180+1"]
[Date "2021.10.05"]
[WhiteClock "0:00:02"]
[BlackClock "0:00:19"]

1. d4 d5 2. c4 e6 3. Nc3 a6 4. cxd5 exd5 5. Nf3 Nf6 6. Bg5 Be6 7. e3 Nbd7 8. Bd3 Bd6 9. Qc2 c6 10. Bf4 Qc7 11. Bxd6 Qxd6 12. h3 O-O 13. O-O g6 14. Rfc1 Qe7 15. Na4 Ne8 16. Nc5 Nxc5 17. dxc5 Ng7 18. Nd4 Bd7 19. b4 Ne6 20. Qc3 Rfe8 21. a4 Qf6 22. Nxe6 Qxe6 23. Qd4 Qe7 24. Rab1 Qg5 25. h4 Qe5 26. Qxe5 Rxe5 27. Rb2 Bf5 28. Bxf5 gxf5 29. g3 Re4 30. Rd1 Rae8 31. Kg2 Rc4 32. Rd4 Re4 33. Rxc4 Rxc4 34. Kf3 Kg7 35. Rb1 Kf6 36. Rb2 Ke5 37. Rb1 Rc3 38. Rd1 Rc4 39. Rb1 Ke6 40. Rb2 Kd7 41. Rb1 Kc7 42. a5 Kd7 43. Rb2 Ke6 44. Ke2 Ke5 45. Kd3 Kf6 46. Rb3 Kg6 47. f3 Kf6 48. Rb1 Ke5 49. Rb2 Rc1 50. g4 fxg4 51. fxg4 Rc4 52. g5 Rxh4 53. Rf2 Ke6 54. Rf6+ Ke7 55. Kc3 Rh5 56. Rf5 h6 0-1


[Site "https://www.chess.com"]

[Event "Titled Tuesday Blitz October 5 2021"]
[White "Sadhwani, Raunak"]
[Black "Girinath, P.D.S."]
[WhiteFideId "35093487"]
[BlackFideId "5000572"]
[WhiteElo "2517"]
[BlackElo "2333"]
[Result "1-0"]
[Round "08"]
[TimeControl "180+1"]
[Date "2021.10.05"]
[WhiteClock "0:00:05"]
[BlackClock "0:00:01"]

1. b3 e5 2. Bb2 Nc6 3. e3 Nf6 4. Nf3 Bd6 5. Na3 e4 6. Ng5 h6 7. Bxf6 gxf6 8. Nxf7 Kxf7 9. Nb5 Be5 10. Rb1 d5 11. d4 exd3 12. Bxd3 h5 13. O-O a6 14. Nd4 Nxd4 15. exd4 Bd6 16. c4 Bg4 17. Qc2 Rg8 18. c5 Bh3 19. g3 Bxf1 20. Rxf1 Bf8 21. Qe2 Rh8 22. Re1 Qd7 23. Qc2 Rh6 24. Bf5 Qb5 25. a4 Qb4 26. Qe2 Qxd4 27. Qe6+ Kg7 28. Qd7+ Kh8 29. Qf7 Qxc5 30. Kg2 d4 31. Bd3 Bg7 32. Re7 Qxe7 33. Qxe7 Rf8 34. Qxc7 f5 35. f4 h4 36. Qxb7 hxg3 37. hxg3 Re6 38. Qd5 Re3 39. Bxf5 Re2+ 40. Kf3 Re3+ 41. Kg4 Bf6 42. Be6 d3 43. Qh5+ Kg7 44. Bf5 Rg8 45. Bg6 Kf8 46. Qc5+ Re7 47. Kf5 1-0


[Site "https://www.chess.com"]

[Event "Titled Tuesday Blitz October 5 2021"]
[White "Sadykov, Ramil"]
[Black "Seo, Jung Min"]
[WhiteFideId "24113590"]
[BlackFideId "1734687"]
[WhiteElo "2300"]
[BlackElo "2486"]
[Result "0-1"]
[Round "08"]
[TimeControl "180+1"]
[Date "2021.10.05"]
[WhiteClock "0:00:01"]
[BlackClock "0:00:51"]

1. d4 Nf6 2. Nc3 d5 3. Bf4 c6 4. e3 Bf5 5. Nf3 Nbd7 6. Ne5 Nxe5 7. Bxe5 e6 8. Bd3 Bxd3 9. cxd3 Be7 10. O-O O-O 11. Rc1 Nd7 12. Bg3 Rc8 13. Na4 Qa5 14. Qb3 b6 15. Rc2 c5 16. Rfc1 Rc6 17. a3 Rfc8 18. dxc5 Nxc5 19. Nxc5 Rxc5 20. Kf1 h6 21. Be5 f6 22. Bd4 Rxc2 23. Rxc2 Rxc2 24. Qxc2 e5 25. Qc8+ Kf7 26. Bc3 Qb5 27. Qf5 e4 28. Qh5+ Kf8 29. Ke1 Qxd3 30. h4 Bxa3 31. Qf5 Be7 32. h5 Qc4 33. g4 Qc6 34. g5 hxg5 35. Qh7 Qe6 36. h6 gxh6 37. Qh8+ Kf7 38. Qxh6 Qf5 39. Qh5+ Qg6 40. Qh8 g4 41. Qa8 Qf5 42. Qxa7 Qe6 43. Bb4 b5 44. Bc5 f5 45. b4 Kf6 46. Bd4+ Kg6 47. Bc5 Bf6 48. Qb7 d4 0-1


[Site "https://www.chess.com"]

[Event "Titled Tuesday Blitz October 5 2021"]
[White "Sarana, Alexey"]
[Black "Warmerdam, Max"]
[WhiteFideId "24133795"]
[BlackFideId "1048104"]
[WhiteElo "2671"]
[BlackElo "2537"]
[Result "1-0"]
[Round "08"]
[TimeControl "180+1"]
[Date "2021.10.05"]
[WhiteClock "0:00:26"]
[BlackClock "0:00:18"]

1. e4 c5 2. Nf3 d6 3. d4 cxd4 4. Nxd4 Nf6 5. Nc3 a6 6. Be3 Ng4 7. Bc1 Nf6 8. f3 e6 9. Be3 h5 10. a4 b6 11. Bc4 Qc7 12. Ba2 Nc6 13. O-O Ne5 14. Qe2 Bd7 15. h3 Rc8 16. Qxa6 Nc4 17. Bxc4 Qxc4 18. Qxc4 Rxc4 19. a5 bxa5 20. Rxa5 Be7 21. Ra8+ Bd8 22. Ndb5 Bxb5 23. Nxb5 O-O 24. c3 d5 25. Rd1 Be7 26. Rxf8+ Kxf8 27. exd5 Nxd5 28. Bf2 Ra4 29. Kf1 g5 30. Nd4 Ra2 31. Rb1 Nf4 32. Be3 Nd3 33. b4 Nb2 34. b5 Nc4 35. Bc1 Bc5 36. Bxg5 e5 37. Ne2 f5 38. Bc1 f4 39. Ke1 Ke7 40. Kd1 Kd6 41. h4 Kd5 42. g3 fxg3 43. Nxg3 Rg2 44. Nxh5 Rg1+ 45. Kc2 Rg2+ 46. Kd1 Rg1+ 47. Ke2 Rg2+ 48. Kd3 Nd6 49. Nf6+ Ke6 50. Ne4 Nxe4 51. fxe4 Rg3+ 52. Kc4 Bb6 53. Ba3 Rh3 54. Bc5 Bxc5 55. Kxc5 Rxc3+ 56. Kb6 1-0


[Site "https://www.chess.com"]

[Event "Titled Tuesday Blitz October 5 2021"]
[White "Seul, Georg"]
[Black "Sinitsina, Anastassia"]
[WhiteFideId "4601653"]
[BlackFideId "4504640"]
[WhiteElo "2332"]
[BlackElo "2161"]
[Result "1-0"]
[Round "08"]
[TimeControl "180+1"]
[Date "2021.10.05"]
[WhiteClock "0:00:04"]
[BlackClock "0:00:07"]

1. e4 e5 2. Nc3 Nf6 3. f4 d5 4. fxe5 Nxe4 5. Qf3 Nxc3 6. bxc3 c6 7. d4 Be7 8. Bd3 Nd7 9. Ne2 O-O 10. O-O Nb6 11. Qh5 g6 12. Qh6 Re8 13. h4 Bf8 14. Qf4 Be6 15. h5 Nd7 16. hxg6 hxg6 17. Qg3 Bg7 18. Bg5 Qb6 19. Rab1 Qc7 20. Nf4 c5 21. Nxg6 fxg6 22. Bxg6 Rf8 23. Qh4 Rxf1+ 24. Rxf1 Nf8 25. Bh5 cxd4 26. cxd4 Qxc2 27. Bf6 Qh7 28. Rf3 Rc8 29. Rg3 Rc1+ 30. Kh2 Rc7 31. Kg1 Kh8 32. Qg5 Bf5 33. Bxg7+ Rxg7 34. Qf6 Ne6 35. Rxg7 Nxg7 36. Bf7 Be4 37. Qd8+ Ne8 38. Qxe8+ Kg7 39. Qe7 Kh6 40. Qf6+ 1-0


[Site "https://www.chess.com"]

[Event "Titled Tuesday Blitz October 5 2021"]
[White "Sharapov, Evgeny"]
[Black "Dang, Hoang Son"]
[WhiteFideId "14103133"]
[BlackFideId "12402435"]
[WhiteElo "2367"]
[BlackElo "2248"]
[Result "1-0"]
[Round "08"]
[TimeControl "180+1"]
[Date "2021.10.05"]
[WhiteClock "0:00:17"]
[BlackClock "0:00:01"]

1. e4 g6 2. d4 Bg7 3. Nc3 d6 4. f4 Nf6 5. Nf3 O-O 6. Bd3 c5 7. dxc5 dxc5 8. e5 Nd5 9. Nxd5 Qxd5 10. Qe2 Nc6 11. Be4 Qd8 12. c3 Bf5 13. Bxf5 gxf5 14. Be3 b6 15. O-O e6 16. Rad1 Qc7 17. Rd2 Rfd8 18. Rfd1 Rxd2 19. Rxd2 Rd8 20. Qd1 Rxd2 21. Qxd2 Bf8 22. c4 Be7 23. b3 a6 24. a4 Na5 25. Qd3 Qb7 26. Nd2 Nc6 27. g3 Nb4 28. Qc3 b5 29. axb5 axb5 30. Nf1 bxc4 31. bxc4 Qf3 32. Qd2 h5 33. Qd7 Bf8 34. Qe8 Kg7 35. Qd8 Nc2 36. Bf2 Qe2 37. Qg5+ Kh7 38. Qf6 Kg8 39. Qg5+ Kh7 40. Qf6 Kg8 41. Qg5+ Bg7 42. Qd8+ Kh7 43. Qe7 Nd4 44. Bxd4 cxd4 45. c5 d3 46. Qd6 Qc2 47. c6 Kg8 48. c7 Bf8 49. Qd8 Qc5+ 50. Kg2 Qc6+ 51. Kh3 d2 52. Nxd2 1-0


[Site "https://www.chess.com"]

[Event "Titled Tuesday Blitz October 5 2021"]
[White "Silvestre, Christian"]
[Black "Tarasova, Viktoriya"]
[WhiteFideId "30956269"]
[BlackFideId "4175840"]
[WhiteElo "2500"]
[BlackElo "2182"]
[Result "1/2-1/2"]
[Round "08"]
[TimeControl "180+1"]
[Date "2021.10.05"]
[WhiteClock "0:00:06"]
[BlackClock "0:00:10"]

1. Nf3 Nf6 2. b3 d5 3. Bb2 e6 4. c4 Bd6 5. g3 O-O 6. Bg2 b6 7. cxd5 exd5 8. O-O Bb7 9. a3 Nbd7 10. d3 c5 11. Nbd2 Re8 12. e3 Rc8 13. Ra2 Qe7 14. Qa1 Ne5 15. Nxe5 Bxe5 16. Bxe5 Qxe5 17. Qxe5 Rxe5 18. b4 Ba6 19. Rd1 Bxd3 20. Nf3 Bc4 21. Rb2 Re7 22. bxc5 bxc5 23. Nd2 Ba6 24. Nb3 Rb7 25. Rbb1 Rcb8 26. Nd2 Rxb1 27. Nxb1 Be2 28. Rc1 h6 29. Nc3 Bc4 30. Na4 Rb3 31. Ra1 Nd7 32. Bh3 Ne5 33. Nxc5 Rb2 34. Bg2 Ng4 35. Na4 Rc2 36. e4 d4 37. e5 Nxf2 38. Nc5 d3 39. Ne4 Nxe4 40. Bxe4 Re2 41. Bf3 Rxe5 42. Kf2 Rb5 43. Rc1 Rb2+ 44. Ke3 Ba6 45. Rc7 d2 46. Rxa7 Bf1 47. Rd7 Rb3+ 48. Kf2 Bc4 49. Rxd2 Rxa3 50. Kg2 Be6 51. Rf2 Kh7 52. Rf1 g6 53. Rf2 Kg7 54. Re2 Rb3 55. Rf2 Rc3 56. Rf1 Rd3 57. Rf2 Re3 58. Rf1 Rc3 59. Rf2 h5 60. Re2 Kh6 61. Rf2 Re3 62. Re2 Rb3 63. Rf2 g5 64. Rf1 g4 65. Be4 Rb2+ 66. Rf2 Rb4 67. Bd3 Kg5 68. Kg1 Rd4 69. Bf1 f5 70. Bg2 f4 71. gxf4+ Rxf4 72. Rxf4 Kxf4 73. Kf2 h4 74. Bf1 g3+ 75. hxg3+ hxg3+ 76. Kg1 Bd5 77. Bg2 Bxg2 78. Kxg2 Kg4 79. Kg1 Kf3 80. Kf1 g2+ 81. Kg1 Kg3 1/2-1/2


[Site "https://www.chess.com"]

[Event "Titled Tuesday Blitz October 5 2021"]
[White "Sokolin, Leonid"]
[Black "Rosenberg, Evan S"]
[WhiteFideId "2009161"]
[BlackFideId "2019299"]
[WhiteElo "2394"]
[BlackElo "2273"]
[Result "1-0"]
[Round "08"]
[TimeControl "180+1"]
[Date "2021.10.05"]
[WhiteClock "0:00:05"]
[BlackClock "0:00:03"]

1. e4 c6 2. d4 d5 3. exd5 cxd5 4. Bd3 Nc6 5. c3 Qc7 6. Ne2 Bg4 7. O-O Nf6 8. f3 Bd7 9. Bf4 e5 10. dxe5 Nxe5 11. Nd4 Bd6 12. Nf5 Bxf5 13. Bxf5 O-O 14. Kh1 Nc4 15. Bg5 Bxh2 16. b3 Nh5 17. bxc4 Ng3+ 18. Kxh2 Nxf1+ 19. Kg1 Ng3 20. Qxd5 Nxf5 21. Qxf5 Qxc4 22. Nd2 Qxc3 23. Rb1 b6 24. Kh2 Rac8 25. Ne4 Qc2 26. Rb5 h6 27. Bf4 Qxa2 28. Nf6+ gxf6 29. Bxh6 Qc2 30. Qxf6 Qg6 31. Rg5 Kh7 32. Rxg6 Rg8 33. Qxf7+ Rg7 34. Qxg7# 1-0


[Site "https://www.chess.com"]

[Event "Titled Tuesday Blitz October 5 2021"]
[White "Stojanovski, Sandi"]
[Black "Tologon tegin, Semetei"]
[WhiteFideId "1403249"]
[BlackFideId "13800574"]
[WhiteElo "2290"]
[BlackElo "2224"]
[Result "0-1"]
[Round "08"]
[TimeControl "180+1"]
[Date "2021.10.05"]
[WhiteClock "0:00:02"]
[BlackClock "0:00:26"]

1. c4 e5 2. Nf3 d6 3. Nc3 f5 4. e4 Nf6 5. d4 exd4 6. Nxd4 fxe4 7. Bg5 Be7 8. Bxf6 Bxf6 9. Qh5+ g6 10. Qd5 Qe7 11. O-O-O c6 12. Qxe4 O-O 13. Qxe7 Bxe7 14. Nf3 Nd7 15. Ne4 Ne5 16. Be2 Bg4 17. Nxd6 Nxf3 18. Bxf3 Bxf3 19. gxf3 Rxf3 20. Rhe1 Bg5+ 21. Kb1 Rxf2 22. Ne4 Rg2 23. Nxg5 Rxg5 24. Re7 Rb8 25. Rdd7 Rh5 26. Rg7+ Kh8 27. b4 Rxh2 28. c5 a5 29. bxa5 Ra8 0-1


[Site "https://www.chess.com"]

[Event "Titled Tuesday Blitz October 5 2021"]
[White "Stribuk, Artiom"]
[Black "Bilan, Danila"]
[WhiteFideId "13515659"]
[BlackFideId "24161918"]
[WhiteElo "2224"]
[BlackElo "2164"]
[Result "1/2-1/2"]
[Round "08"]
[TimeControl "180+1"]
[Date "2021.10.05"]
[WhiteClock "0:00:07"]
[BlackClock "0:00:07"]

1. d4 d5 2. c4 c6 3. Nf3 Nf6 4. e3 e6 5. b3 Nbd7 6. Bd3 Bd6 7. Bb2 Qe7 8. O-O e5 9. dxe5 Nxe5 10. cxd5 Nxd5 11. Nxe5 Bxe5 12. Bxe5 Qxe5 13. Nd2 O-O 14. Nc4 Qg5 15. Qf3 Be6 16. Rac1 Rfd8 17. Bb1 b6 18. Qg3 Qxg3 19. hxg3 c5 20. Rfd1 Rac8 21. Kf1 h6 22. Ke1 Kf8 23. Rd2 Ke7 24. a3 Nf6 25. Rcd1 Rxd2 26. Rxd2 Bxc4 27. bxc4 Rd8 28. Rxd8 Kxd8 29. Kd2 Ke7 30. f3 Kd6 31. e4 Nd7 32. Bd3 Ke5 33. Ke3 Kd6 34. f4 Nb8 35. e5+ Ke6 36. Ke4 Nc6 37. f5+ Ke7 38. g4 Nd4 39. Kf4 a6 40. a4 a5 41. g5 hxg5+ 42. Kxg5 Nc6 43. Kf4 f6 44. e6 Kd6 45. Be2 Nd4 46. Bd1 Nc6 47. g4 Ne5 48. Be2 Nc6 49. g5 Ne5 50. Bf1 Nc6 51. Be2 Nd4 52. Bd1 Nc6 53. Be2 1/2-1/2


[Site "https://www.chess.com"]

[Event "Titled Tuesday Blitz October 5 2021"]
[White "Timofeev, Artyom"]
[Black "Le, Tuan Minh"]
[WhiteFideId "4140419"]
[BlackFideId "12401153"]
[WhiteElo "2591"]
[BlackElo "2450"]
[Result "1-0"]
[Round "08"]
[TimeControl "180+1"]
[Date "2021.10.05"]
[WhiteClock "0:01:00"]
[BlackClock "0:00:08"]

1. c4 c6 2. Nf3 d5 3. b3 Nf6 4. Bb2 Bg4 5. e3 Nbd7 6. Be2 e6 7. h3 Bh5 8. d3 Bd6 9. Nbd2 Qe7 10. Qc2 h6 11. e4 dxe4 12. dxe4 Bg6 13. a3 Nc5 14. Bxf6 Qxf6 15. Rd1 a5 16. O-O O-O 17. Rfe1 Qe7 18. Bf1 Na6 19. a4 Rfd8 20. Nb1 Nb4 21. Qc1 Bc5 22. Nc3 Rxd1 23. Rxd1 Rd8 24. g3 Qf6 25. Rxd8+ Qxd8 26. Kg2 Qd6 27. Qd2 Qxd2 28. Nxd2 Bd4 29. Ne2 Bb2 30. Kf3 Na6 31. Ke3 e5 32. f4 f6 33. Kd3 Nc5+ 34. Kc2 Nxb3 35. Kxb3 Bd4 36. Nxd4 exd4 37. c5 Kf8 38. Bc4 Ke7 39. Kc2 Be8 40. Kd3 Bd7 41. h4 1-0


[Site "https://www.chess.com"]

[Event "Titled Tuesday Blitz October 5 2021"]
[White "Viani Antonio Dcunha"]
[Black "Siva Mahadevan"]
[WhiteFideId "5027330"]
[BlackFideId "25043153"]
[WhiteElo "2366"]
[BlackElo "2203"]
[Result "0-1"]
[Round "08"]
[TimeControl "180+1"]
[Date "2021.10.05"]
[WhiteClock "0:00:06"]
[BlackClock "0:00:39"]

1. e4 e5 2. Nf3 Nc6 3. Bc4 Nf6 4. d3 h6 5. Nc3 d6 6. h3 g5 7. d4 Qe7 8. dxe5 dxe5 9. Be3 Bd7 10. Qe2 O-O-O 11. O-O-O Bg7 12. Nd5 Nxd5 13. Bxd5 Kb8 14. Qb5 a6 15. Qb3 Rhf8 16. Rd2 Nb4 17. Bc4 b5 18. Bd5 c6 19. a3 cxd5 20. exd5 Nxd5 21. Rxd5 Be6 22. Rxd8+ Rxd8 23. Qc3 Rc8 24. Qa5 Qd6 25. Rd1 Qc6 26. Qb6+ Qxb6 27. Bxb6 Kb7 28. Ba5 f5 29. Bc3 g4 30. hxg4 fxg4 31. Nxe5 Rxc3 32. bxc3 Bxe5 33. Kb2 Bc4 34. Rd7+ Kc6 35. Ra7 Kb6 36. Rh7 Bf4 37. Rg7 Bg5 38. Rg6+ Kc5 39. Rxa6 Bd5 40. a4 Bxg2 41. Ra5 Bc6 42. axb5 Bxb5 43. Kb3 Kb6 44. Ra8 Bc6 45. Rb8+ Kc5 46. Rb4 Bd5+ 47. Kb2 h5 48. Ra4 Bf6 49. Ka3 Be7 50. Kb2 Bd8 51. Ra5+ Bxa5 0-1


[Site "https://www.chess.com"]

[Event "Titled Tuesday Blitz October 5 2021"]
[White "Vifleemskaia, Svetlana"]
[Black "Tikhonov, Viacheslav"]
[WhiteFideId "4129490"]
[BlackFideId "44196407"]
[WhiteElo "1945"]
[BlackElo "1773"]
[Result "1-0"]
[Round "08"]
[TimeControl "180+1"]
[Date "2021.10.05"]
[WhiteClock "0:00:12"]
[BlackClock "0:00:10"]

1. d4 Nf6 2. c4 g6 3. Nc3 d5 4. cxd5 Nxd5 5. Bd2 Nb6 6. Bf4 Bg7 7. e3 O-O 8. Bb5 c5 9. dxc5 N6d7 10. Nf3 Nxc5 11. O-O a6 12. Be2 Nc6 13. a3 e5 14. Bg5 f6 15. Bh4 Be6 16. b4 Nd7 17. Qd6 Re8 18. Rfd1 Bf8 19. Qd2 Be7 20. Ne4 Kg7 21. Nd6 Rf8 22. Nxb7 Qb6 23. Nd6 g5 24. Bg3 Rfd8 25. Nc4 Qc7 26. Qc2 Nb6 27. Rac1 Rxd1+ 28. Qxd1 Rc8 29. Na5 Qd7 30. Qxd7 Bxd7 31. Bxa6 Ra8 32. Bb7 Rxa5 33. bxa5 Nxa5 34. Be4 Bxa3 35. Rc7 Bd6 36. Ra7 Nb3 37. Bc6 Nc5 38. h4 h6 39. hxg5 hxg5 40. Nd4 Kg6 41. Bxd7 Ncxd7 42. Nb5 Bc5 43. Rb7 Kf5 44. Nc3 Nf8 45. Rc7 Ne6 46. Rc6 e4 47. Nxe4 Nd7 48. Nxc5 Ndxc5 49. f3 Kg6 50. e4 Kf7 51. Kf2 Nd7 52. Rd6 Ndf8 53. Rd1 Ke7 54. Ke3 Kf7 55. Bf2 Ng6 56. g3 Ne5 57. Be1 Nc4+ 58. Kf2 Ne5 59. Bc3 Nc4 60. Bd4 Na5 61. Be3 Nc4 62. Rd7+ Kg6 63. f4 gxf4 64. gxf4 Nf8 65. f5+ Kh5 66. Rg7 Ne5 67. Kg3 Nfd7 68. Rh7# 1-0


[Site "https://www.chess.com"]

[Event "Titled Tuesday Blitz October 5 2021"]
[White "Visakh N R"]
[Black "Abdusattorov, Nodirbek"]
[WhiteFideId "25012223"]
[BlackFideId "14204118"]
[WhiteElo "2454"]
[BlackElo "2690"]
[Result "0-1"]
[Round "08"]
[TimeControl "180+1"]
[Date "2021.10.05"]
[WhiteClock "0:00:04"]
[BlackClock "0:00:38"]

1. d4 Nf6 2. c4 c5 3. d5 e6 4. Nc3 exd5 5. cxd5 d6 6. Nf3 g6 7. Nd2 Bg7 8. e4 O-O 9. Be2 Na6 10. O-O Nc7 11. a4 a6 12. Nc4 b5 13. axb5 axb5 14. Rxa8 Nxa8 15. Nxb5 Nxe4 16. Bd3 Ba6 17. Qa4 Bxb5 18. Qxb5 Qe7 19. Bxe4 Qxe4 20. Nxd6 Qxd5 21. Nc4 Nc7 22. Qa5 Ne6 23. Ne3 Qd3 24. Rd1 Qe4 25. Qe1 Nd4 26. Qf1 Re8 27. Bd2 Bh6 28. Re1 Bf4 29. Bc3 Re5 30. Ng4 Qf5 31. Nxe5 Bxe5 32. Bxd4 Bxd4 33. Qe2 Kg7 34. g3 h5 35. h4 Qh3 36. Qf3 Bxb2 37. Qg2 Qf5 38. Qe4 Qf6 39. Kg2 Bd4 40. Qf3 Qd6 41. Rd1 Qe5 42. Rd2 c4 43. Re2 Qc5 44. Qe4 Bf6 45. Re3 c3 46. Qc2 Qd5+ 47. Rf3 Qc6 0-1


[Site "https://www.chess.com"]

[Event "Titled Tuesday Blitz October 5 2021"]
[White "Vlachos, Anatole"]
[Black "Bilych, Olexiy"]
[WhiteFideId "26093189"]
[BlackFideId "14156504"]
[WhiteElo "2350"]
[BlackElo "2248"]
[Result "1-0"]
[Round "08"]
[TimeControl "180+1"]
[Date "2021.10.05"]
[WhiteClock "0:00:21"]
[BlackClock "0:01:15"]

1. Nf3 Nf6 2. g3 g6 3. Bg2 Bg7 4. O-O O-O 5. d4 d6 6. b3 Nc6 7. Bb2 e5 8. dxe5 Ng4 9. c4 Ngxe5 10. Nxe5 Nxe5 11. Nc3 Re8 12. Qd2 a6 13. h3 Rb8 14. a4 a5 15. Rad1 Nd7 16. Nd5 Bxb2 17. Qxb2 c6 18. Nc3 Nc5 19. Rd2 Qb6 20. Rxd6 Qxb3 21. Qxb3 Nxb3 22. Rb1 Nc5 23. Bxc6 Rf8 24. Bg2 Be6 25. Nd5 Nxa4 26. Rb5 b6 27. e3 Kg7 28. Bf1 Rfc8 29. Nxb6 Nxb6 30. Rdxb6 Rxb6 31. Rxb6 Bxc4 32. Bxc4 Rxc4 33. Ra6 a4 34. Kg2 h5 35. f4 Kf8 36. g4 hxg4 37. hxg4 Ke7 38. Kf3 f5 39. Rxg6 fxg4+ 40. Kxg4 Rc3 41. Kf3 Kd7 42. Ra6 a3 43. f5 Kc7 44. Kf4 Kb7 45. Ra4 Kb6 46. e4 Kb5 47. Ra8 Kb4 48. f6 Rc1 49. e5 Kb3 50. e6 Rc4+ 51. Kg5 Ra4 52. Rd8 Kc2 53. Rh8 Rd4 54. Ra8 1-0


[Site "https://www.chess.com"]

[Event "Titled Tuesday Blitz October 5 2021"]
[White "Vlassov, Nikolai"]
[Black "Dzhaparov, Medet"]
[WhiteFideId "4103360"]
[BlackFideId "13803689"]
[WhiteElo "2407"]
[BlackElo "1702"]
[Result "1-0"]
[Round "08"]
[TimeControl "180+1"]
[Date "2021.10.05"]
[WhiteClock "0:01:18"]
[BlackClock "0:00:02"]

1. e4 e5 2. Bc4 Nf6 3. d3 c6 4. Nf3 d5 5. Bb3 Bd6 6. Nc3 Be6 7. Ng5 Bg4 8. f3 Bh5 9. g4 Bg6 10. exd5 Nxd5 11. Bxd5 cxd5 12. Nxd5 Nc6 13. O-O Bc5+ 14. Kh1 Qxd5 15. Qe2 O-O 16. h4 h6 17. h5 Bh7 18. Ne4 Bxe4 19. fxe4 Qe6 20. Qg2 f6 21. Bd2 Rac8 22. c3 Rfd8 23. Rf3 Rd7 24. Qg3 Rcd8 25. b4 Bf8 26. a4 a5 27. b5 Na7 28. Raf1 Nc8 29. Bxh6 gxh6 30. Rxf6 Qe7 31. g5 Rxd3 32. Qg4 hxg5 33. Qxg5+ Kh8 34. Rxf8+ Rxf8 35. Qh6+ 1-0


[Site "https://www.chess.com"]

[Event "Titled Tuesday Blitz October 5 2021"]
[White "Vovk, Orest"]
[Black "Harshavardhan G B"]
[WhiteFideId "14113490"]
[BlackFideId "25059009"]
[WhiteElo "2203"]
[BlackElo "1825"]
[Result "0-1"]
[Round "08"]
[TimeControl "180+1"]
[Date "2021.10.05"]
[WhiteClock "0:00:03"]
[BlackClock "0:01:12"]

1. h3 e5 2. g4 Nc6 3. Bg2 Bc5 4. d3 h5 5. g5 d5 6. Nc3 Nge7 7. Nf3 Be6 8. Nh4 Qd7 9. e4 O-O-O 10. Bd2 Rhf8 11. exd5 Nxd5 12. Ne4 Bb6 13. Bc3 f5 14. gxf6 gxf6 15. Ng3 f5 16. Nxh5 e4 17. Ng6 Rg8 18. Nhf4 Bf7 19. Nxd5 Qxd5 20. Nf4 Qd6 21. Qd2 Rde8 22. O-O-O e3 23. Qe2 Qxf4 24. fxe3 Rxe3 25. Qd2 Rxg2 26. Qxg2 Rg3+ 27. Bd2 Be3 28. Bxe3 Qxe3+ 29. Qd2 Qe6 30. b3 Qf6 31. Kb1 f4 32. d4 a5 33. Rhf1 f3 34. Qf2 Qf4 35. Rd3 Bd5 36. Kb2 Nb4 37. Re3 Rg2 38. Qxg2 fxg2 39. Rxf4 g1=Q 40. Rf8+ Kd7 41. Re5 Qxd4+ 0-1


[Site "https://www.chess.com"]

[Event "Titled Tuesday Blitz October 5 2021"]
[White "Wagner, Dennis"]
[Black "Zhigalko, Sergei"]
[WhiteFideId "24650684"]
[BlackFideId "13502956"]
[WhiteElo "2355"]
[BlackElo "2662"]
[Result "1-0"]
[Round "08"]
[TimeControl "180+1"]
[Date "2021.10.05"]
[WhiteClock "0:00:05"]
[BlackClock "0:00:01"]

1. e4 c5 2. Nf3 Nc6 3. Bb5 Nf6 4. Nc3 Qc7 5. O-O Nd4 6. Nxd4 cxd4 7. Nd5 Nxd5 8. exd5 Qc5 9. a4 Qxd5 10. Ra3 e6 11. Rg3 b6 12. d3 Bb7 13. Rg5 f5 14. Re1 O-O-O 15. c4 dxc3 16. bxc3 Be7 17. Rxg7 Rhg8 18. Bc4 Qc6 19. Bb5 Qxc3 20. Rxe7 Rxg2+ 21. Kf1 Qc5 22. Be3 Qxe7 23. Bf4 Qc5 24. Re2 Bf3 25. Rc2 Rdg8 26. Qxf3 1-0


[Site "https://www.chess.com"]

[Event "Titled Tuesday Blitz October 5 2021"]
[White "Weetik, Vjacheslav"]
[Black "Vusatiuk, Vladimir"]
[WhiteFideId "4153472"]
[BlackFideId "14118610"]
[WhiteElo "2469"]
[BlackElo "2167"]
[Result "1-0"]
[Round "08"]
[TimeControl "180+1"]
[Date "2021.10.05"]
[WhiteClock "0:00:41"]
[BlackClock "0:00:02"]

1. e4 c5 2. Nf3 d6 3. d4 cxd4 4. Nxd4 Nf6 5. Nc3 Nc6 6. Be2 e6 7. O-O Be7 8. Be3 a6 9. f4 Qc7 10. Qe1 O-O 11. Qg3 Bd7 12. Rae1 b5 13. a3 Rac8 14. Bd3 e5 15. fxe5 dxe5 16. Nf5 Bxf5 17. Rxf5 Kh8 18. Qh3 Nd4 19. Bxd4 exd4 20. e5 dxc3 21. exf6 Bc5+ 22. Kh1 Rfe8 23. Ref1 g6 24. Qh6 Bf8 25. Qh3 cxb2 26. Rh5 gxh5 27. Qf5 Qxh2+ 28. Kxh2 Bd6+ 29. Kh1 Kg8 30. Qxh7+ Kf8 31. Qg7# 1-0


[Site "https://www.chess.com"]

[Event "Titled Tuesday Blitz October 5 2021"]
[White "Yaksin, Oleg"]
[Black "Sanchez, Robert"]
[WhiteFideId "24105880"]
[BlackFideId "2034360"]
[WhiteElo "2256"]
[BlackElo "2272"]
[Result "1-0"]
[Round "08"]
[TimeControl "180+1"]
[Date "2021.10.05"]
[WhiteClock "0:00:32"]
[BlackClock "0:00:03"]

1. d4 d5 2. c4 c6 3. Nf3 Nf6 4. Qb3 e6 5. g3 Be7 6. Bg2 O-O 7. O-O Nbd7 8. Bg5 h6 9. Bxf6 Nxf6 10. Nc3 b6 11. Ne5 Bb7 12. Rfd1 Nd7 13. Nxd7 Qxd7 14. e4 dxc4 15. Qxc4 Rfc8 16. a4 Qe8 17. Rac1 a6 18. Qb3 Bd8 19. d5 c5 20. dxe6 fxe6 21. Qc4 Bf6 22. Bh3 Rc6 23. b3 Bd4 24. Ne2 Bb2 25. Rc2 Bf6 26. Nf4 Bc8 27. b4 Kh7 28. b5 axb5 29. axb5 Rc7 30. Bxe6 g5 31. Bxc8 gxf4 32. Bf5+ Kh8 33. Rd6 f3 34. Rxf6 Ra1+ 35. Rc1 Qe5 36. Rxh6+ 1-0


[Site "https://www.chess.com"]

[Event "Titled Tuesday Blitz October 5 2021"]
[White "Yakubboev, Nodirbek"]
[Black "Gorin, Leonid"]
[WhiteFideId "14203987"]
[BlackFideId "4131991"]
[WhiteElo "2464"]
[BlackElo "2363"]
[Result "1-0"]
[Round "08"]
[TimeControl "180+1"]
[Date "2021.10.05"]
[WhiteClock "0:00:10"]
[BlackClock "0:00:46"]

1. e4 e5 2. Nf3 Nc6 3. d4 exd4 4. Nxd4 Bc5 5. Nb3 Bb6 6. Nc3 Nf6 7. Qe2 O-O 8. Bg5 Nd4 9. Qd2 Nxb3 10. axb3 Re8 11. O-O-O h6 12. Bf4 Nxe4 13. Nxe4 Rxe4 14. Bd3 Re8 15. g4 d6 16. g5 h5 17. g6 Qf6 18. Rdg1 Bf5 19. gxf7+ Kxf7 20. Bg5 Qe6 21. Bc4 g6 22. Re1 Kg7 23. Bxe6 Bxe6 24. Re2 Bg4 25. Rxe8 Rxe8 26. Re1 Be6 27. Qc3+ Kh7 28. Qf6 Bd7 29. Qf7+ Kh8 30. Bf6# 1-0


[Site "https://www.chess.com"]